 Dungeon Crawl Stone Soup version 0.21-a0-417-g0adc95b (webtiles) character file.

416 dricus the Firebug (level 6, 0/45 HPs)
             Began as a Demigod Fire Elementalist on Nov 3, 2017.
             Slain by an orc wizard
             ... wielding a cursed +0 dagger
              (2 damage)
             ... on level 3 of the Dungeon.
             The game lasted 00:06:48 (3981 turns).

dricus the Firebug (Demigod Fire Elementalist)      Turns: 3981, Time: 00:06:48

Health: 0/45       AC:  3    Str: 15    XL:     6   Next: 34%
Magic:  0/14       EV: 13    Int: 23    God:
Gold:   200        SH:  0    Dex: 16    Spells: 4/12 levels left

rFire    . . .     SeeInvis .   a - +0 dagger
rCold    . . .     Gourm    .   (no shield)
rNeg     . . .     Faith    .   t - +0 robe
rPois    .         Spirit   .   n - +0 helmet
rElec    .         Reflect  .   (no cloak)
rCorr    .         Harm     .   (no gloves)
MR       .....                  (no boots)
Stlth    +++.......             (no amulet)
HPRegen  0.15/turn              f - +4 ring of strength
MPRegen  0.14/turn              r - ring of stealth

@: very slightly contaminated
A: high mp 1
a: no special abilities


You were on level 3 of the Dungeon.
You were not hungry.

You visited 1 branch of the dungeon, and saw 4 of its levels.

You collected 200 gold pieces.

Inventory:

Hand Weapons
 a - a +0 dagger (weapon)
Armour
 n - a +0 helmet (worn)
 t - a +0 robe (worn)
Jewellery
 f - a +4 ring of strength (left hand)
 o - an uncursed ring of ice
 r - a ring of stealth (right hand)
Scrolls
 g - a scroll of teleportation
 j - a scroll of fog
 m - a scroll of enchant weapon {unknown}
 v - a scroll of fear {unknown}
Potions
 d - 2 potions of lignification
 e - a potion of heal wounds {unknown}
 h - a potion of resistance {unknown}
 l - 2 potions of curing
 q - a potion of flight {unknown}
 s - a potion of ambrosia {unknown}
Books
 b - a book of Flames

   Spells                             Type                      Level
   a - Flame Tongue                   Conjuration/Fire             1
   b - Throw Flame                    Conjuration/Fire             2
   c - Conjure Flame                  Conjuration/Fire             3
   d - Inner Flame                    Hexes/Fire                   3
   e - Sticky Flame                   Conjuration/Fire             4
   f - Fireball                       Conjuration/Fire             5
Comestibles
 c - 2 bread rations
 i - 2 royal jellies
 k - a chunk of flesh
 p - 3 fruits
 u - 2 meat rations


   Skills:
 - Level 2.7 Dodging
 - Level 2.8 Stealth
 * Level 3.6 Spellcasting
 + Level 2.9 Conjurations
 + Level 3.9 Fire Magic


You had 4 spell levels left.
You knew the following spells:

 Your Spells              Type           Power        Failure   Level  Hunger
a - Flame Tongue          Conj/Fire      ###..        2%          1    None
b - Conjure Flame         Conj/Fire      ###.....     8%          3    ###....
c - Sticky Flame          Conj/Fire      ###.....     26%         4    ####...


Dungeon Overview and Level Annotations

Branches:
Dungeon (4/15)
 Temple: D:4-7


Innate Abilities, Weirdness & Mutations

You have an increased reservoir of magic. (+10% MP)


Message History

You are very lightly contaminated with residual magic.
Nothing appears to happen.
Something hits you.
* * * LOW HITPOINT WARNING * * *
You hear some strange, mumbled words.
A puff of frost appears from out of thin air!
The puff of frost hits you!
* * * LOW HITPOINT WARNING * * *
You feel better. Something hits you.
* * * LOW HITPOINT WARNING * * *
Casting: Flame Tongue
Confirm with . or Enter, or press ? or * to list all spells.
Aiming: Flame Tongue
Press: ? - help, Shift-Dir - straight line The flame tongue hits something.
You hear some strange, mumbled words.
A puff of flame appears from out of thin air!
The puff of flame hits you!
* * * LOW HITPOINT WARNING * * *
Something hits you.
You die...

......###.#.≈≈.≈≈....##..#...#...
......# ###.........<....#####...
......# ###.#####...........#....
......###...#######..........⌠..#
...)...........)....###.....####.
.......##########.....##.......#.
##.......########.....##.##....#.
...##..........>{........##..#.##
##..............@................
##############......#..........##
# ####......######### #
#...........### #
#........##...## #
#........####..##### # #........#
##...... # #......### ####### #
#......#


There were no monsters in sight!

Vanquished Creatures
  A big kobold (D:3)
  The ghost of mhoghedin the Ducker, an amateur FeTm (D:3)
  An orc wizard (D:4)
  Terence (D:3)
  An iguana (D:3)
  Natasha (thrice) (D:3)
  4 adders
  11 dart slugs
  6 orcs
  7 bats
  4 giant cockroaches
  9 goblins
  4 hobgoblins
  9 jackals
  2 quokkas (D:2)
  5 kobolds
  5 rats
74 creatures vanquished.

Notes
Turn   | Place    | Note
-------+----------+-------------------------------------------
     0 | D:1      | dricus the Demigod Fire Elementalist began the quest for the Orb.
     0 | D:1      | Reached XP level 1. HP: 14/14 MP: 5/5
   132 | D:1      | Reached skill level 1 in Conjurations
   470 | D:1      | Reached XP level 2. HP: 20/20 MP: 5/7
  1310 | D:2      | Reached XP level 3. HP: 26/26 MP: 4/8
  2028 | D:2      | Learned a level 3 spell: Conjure Flame
  2248 | D:3      | Noticed mhoghedin's ghost (amateur FeTm)
  2286 | D:3      | Killed mhoghedin's ghost
  2286 | D:3      | Reached XP level 4. HP: 30/33 MP: 0/10
  2602 | D:3      | Reached XP level 5. HP: 37/38 MP: 5/11
  2653 | D:3      | Learned a level 4 spell: Sticky Flame
  2697 | D:3      | Found a shattered altar of Ashenzari.
  2728 | D:3      | Noticed Terence
  2750 | D:3      | Killed Terence
  2946 | D:3      | Noticed Natasha
  2956 | D:3      | Killed Natasha
  3325 | D:3      | Noticed Natasha
  3336 | D:3      | Killed Natasha
  3470 | D:3      | Reached XP level 6. HP: 42/45 MP: 5/14
  3582 | D:3      | Noticed Natasha
  3591 | D:3      | Killed Natasha
  3979 | D:3      | HP: 1/45 [something/puff of frost (6)]
  3981 | D:3      | Slain by an orc wizard

Vault maps used:
D:1:      scummos_arrival_gate
D:2:      first_bread
D:3:      kennysheep_slugbush, nrook_mini_vaults, evilmike_ruin_ashenzari,
          uniq_terence, uniq_natasha
D:4:      minmay_temple_entry_junction_2, minmay_misc_feat_ornament,
          uniq_eustachio

Skill      XL: |  1  2  3  4  5 |
---------------+----------------+-----
Conjurations   | 1 2 |  2.9
Stealth        | 2 |  2.8
Dodging        | 2 |  2.7
Spellcasting   | 2 3 |  3.6
Fire Magic     | 3 |  3.9

Action                   |  1- 3 |  4- 6 || total
-------------------------+-------+-------++-------
Melee: Hand axe          |     3 |       ||     3
       Dagger            |     5 |     3 ||     8
 Cast: Flame Tongue      |    87 |   111 ||   198
  Use: Scroll            |     2 |     2 ||     4
       Potion            |       |     1 ||     1
  Eat: Chunk             |     5 |     5 ||    10
Armor: Robe              |    15 |    10 ||    25
Dodge: Dodged            |    48 |    44 ||    92

Table legend:
 A = Spawn XP
 B = Non-spawn XP
 C = Spawn XP percentage of total XP
 D = Spawn monster count
 E = Non-spawn monster count
 F = Spawn count percentage of total count
 G = Total turns spent on level
                    A         B        C        D         E        F      G
               +---------+---------+-------+---------+---------+-------+---------
         Total |       0 |     595 |   0.0 |       0 |      74 |   0.0 |  3981
               +---------+---------+-------+---------+---------+-------+---------
           D:1 |       0 |      26 |   0.0 |       0 |      14 |   0.0 |   981
           D:2 |       0 |      58 |   0.0 |       0 |      20 |   0.0 |  1312
           D:3 |       0 |     458 |   0.0 |       0 |      34 |   0.0 |  1633
           D:4 |       0 |      53 |   0.0 |       0 |       6 |   0.0 |    55
               +---------+---------+-------+---------+---------+-------+---------
